 Dungeon Crawl Stone Soup version 0.24-a0-280-g7cec4da (webtiles) character file.

Game seed: 8301549829151898063

1665 Gunnerkreig the Conjurer (level 9, 0/58 HPs)
             Began as an Octopode Wizard on May 9, 2019.
             Shot with a bolt by an orc (14 damage)
             ... in a bailey.
             The game lasted 00:18:41 (7049 turns).

Gunnerkreig the Conjurer (Octopode Wizard)          Turns: 7049, Time: 00:18:42

Health: 0/58       AC:  2    Str:  6    XL:     9   Next: 1%
Magic:  3/16       EV: 13    Int: 22    God:
Gold:   341        SH:  0    Dex: 12    Spells: 7/18 levels left

rFire    . . .     SeeInvis .   g - +3 short sword (drain)
rCold    . . .     Gourm    .   (no shield)
rNeg     . . .     Faith    .   a - +1 hat
rPois    +         Spirit   .   i - amulet of regeneration
rElec    .         Reflect  .   p - ring of poison resistance
rCorr    .         Harm     .   q - +2 ring of slaying
MR       .....                  (no ring)
Stlth    ++++......             (no ring)
HPRegen  0.59/turn              (no ring)
MPRegen  0.15/turn              (no ring)
                                (no ring)
                                (no ring)

@: no status effects
A: almost no armour, stealthy swim, amphibious, 8 rings, constrict 8, camouflage
1, gelatinous body 1
a: no special abilities


You were in a bailey.
You were not hungry.

You visited 2 branches of the dungeon, and saw 8 of its levels.
You also visited: Bailey.

You collected 341 gold pieces.

Inventory:

Hand Weapons
 g - a +3 short sword of draining (weapon)
 r - a +2 antimagic spear
 u - a +2 dagger of electrocution
Missiles
 e - 95 stones (quivered)
 v - 33 sling bullets
 A - 49 bolts
Armour
 a - a +1 hat (worn)
Jewellery
 i - an amulet of regeneration (around mantle)
 p - a ring of poison resistance (left tentacle)
 q - a +2 ring of slaying (right tentacle)
Wands
 t - a wand of enslavement (7)
 w - a wand of acid (10)
 y - a wand of polymorph (9)
Scrolls
 d - 3 scrolls of identify
 m - 2 scrolls of teleportation
 o - a scroll of holy word {unknown}
Potions
 b - a potion of lignification
 f - 2 potions of flight
 h - a potion of agility {unknown}
 j - a potion of curing
 k - a potion of cancellation
 l - 2 potions of might
 n - a potion of haste
 s - a potion of berserk rage
 x - a potion of heal wounds
Comestibles
 c - 10 rations
 z - 7 chunks of flesh


   Skills:
 + Level 4.2 Fighting
 + Level 2.3 Dodging
 - Level 5.0 Stealth
 + Level 5.2 Spellcasting
 - Level 5.2 Conjurations
 - Level 2.1 Summonings
 - Level 3.1 Translocations
 - Level 3.2 Fire Magic
 - Level 3.3 Air Magic
 - Level 1.2 Poison Magic


You had 7 spell levels left.
You knew the following spells:

 Your Spells              Type           Power        Failure   Level  Hunger
a - Magic Dart            Conj           ####         1%          1    None
b - Conjure Flame         Conj/Fire      ###.....     4%          3    ##.....
c - Mephitic Cloud        Conj/Pois/Air  ###.....     8%          3    ##.....
w - Call Imp              Summ           ###.....     6%          2    None
y - Blink                 Tloc           N/A          4%          2    None

Your spell library contained the following spells:

 Spells                   Type           Power        Failure   Level  Hunger
 Gell's Gravitas          Tloc           ###.......   9%          3    ##.....
 Confusing Touch          Hex            #.....       10%         1    None
 Slow                     Hex            #.......     16%         2    None
 Confuse                  Hex            #.......     30%         3    ##.....
 Petrify                  Tmut/Erth      #.......     69%         4    ####...
 Metabolic Englaciation   Hex/Ice        #.........   95%         5    #####..
 Yara's Violent Unravell  Hex/Tmut       #.........   95%         5    #####..


Dungeon Overview and Level Annotations

Branches:
Dungeon (7/15)             Temple (1/1) D:4

Altars:
Ashenzari
Dithmenos
Elyvilon
Fedhas
Gozag
Makhleb
Nemelex Xobeh
Okawaru
Qazlal
Wu Jian
Xom
Yredelemnul
Zin
The Shining One


Innate Abilities, Weirdness & Mutations

You cannot wear most types of armour.
You are very stealthy in the water. (Stealth+)
You are amphibious.
You can wear up to eight rings at the same time.
You can use your tentacles to constrict eight enemies at once.
Your skin changes colour to match your surroundings (Stealth+).
Your rubbery body absorbs attacks. (AC +1, EV +1)


Message History

Casting: Magic Dart (safe; 1% risk of failure)
Confirm with . or Enter, or press ? or * to list all spells.
Aiming: Magic Dart (safe; 1% risk of failure)
Press: ? - help, Shift-Dir - straight line, f/p - orc
Aim: an orc, wielding a +0 arbalest and wearing a +4 ring mail The magic dart hits the orc but does no damage.
The orc shoots a bolt.
The bolt hits you!
* * * LOW HITPOINT WARNING * * *
Some of the chunks of flesh in your inventory have rotted away.
Casting: Magic Dart (safe; 1% risk of failure)
Confirm with . or Enter, or press ? or * to list all spells.
Aiming: Magic Dart (safe; 1% risk of failure)
Press: ? - help, Shift-Dir - straight line, f/p - orc
Aim: an orc, wielding a +0 arbalest and wearing a +4 ring mail The magic dart hits the orc but does no damage.
You start resting.
The orc is too close now for your liking.
A - 49 bolts (gained 1)
The orc shoots a bolt.
The bolt hits you!
You die...

.... #..... .... ##.....
..... #...... .....#
##...... ......#
##....... ≈≈≈....####
####....≈≈≈≈
#≈≈.....(###......≈≈#.#
#≈...@...........≈#∩.#
^.o)...............≈.)^.
.##≈...............≈##.#
#≈≈...............≈≈#.#
≈≈≈.................≈≈≈≈
........................
........................
........................
.....................


You could see an orc.

Vanquished Creatures
  Eustachio (D:5)
  2 orc warriors (Bailey)
  An ice beast (D:5)
  A black bear (D:7)
  3 ogres
  A phantom (D:5)
  A bullfrog (D:6)
  A gnoll sergeant (D:6)
  A scorpion (D:5)
  A bullfrog zombie (D:6)
  A centaur skeleton (D:5)
  3 orc priests
  3 orc wizards
  2 hounds
  Terence (D:3)
  2 iguanas
  A hound zombie (D:2)
  2 worker ant zombies (D:5)
  9 adders
  5 gnolls
  3 adder skeletons
  3 worms
  4 dart slugs
  2 leopard geckos
  24 orcs
  2 ball pythons
  10 bats
  5 giant cockroaches
  7 goblins
  4 hobgoblins
  6 jackals
  2 quokkas
  A frilled lizard (D:1)
  7 kobolds
  2 rats
124 creatures vanquished.

Notes
Turn   | Place    | Note
-------+----------+-------------------------------------------
     0 | D:1      | Gunnerkreig the Octopode Wizard began the quest for the
                  | Orb.
     0 | D:1      | Reached XP level 1. HP: 11/11 MP: 4/4
   157 | D:1      | Reached XP level 2. HP: 18/18 MP: 3/6
   505 | D:1      | Reached skill level 1 in Fighting
   521 | D:1      | Reached XP level 3. HP: 14/23 MP: 7/7
  1089 | D:1      | Learned a level 3 spell: Conjure Flame
  1093 | D:1      | Learned a level 3 spell: Mephitic Cloud
  1853 | D:2      | Reached XP level 4. HP: 26/28 MP: 2/9
  2588 | D:3      | Noticed Terence
  2846 | D:3      | Reached XP level 5. HP: 23/34 MP: 10/10
  2989 | D:3      | Learned a level 2 spell: Blink
  2992 | D:3      | Learned a level 2 spell: Call Imp
  3114 | D:3      | Found a basalt altar of Yredelemnul.
  3160 | D:3      | Killed Terence
  3220 | D:3      | Found a white marble altar of Elyvilon.
  3652 | D:4      | Noticed an ogre
  3695 | D:3      | Killed an ogre
  3695 | D:3      | Reached skill level 5 in Stealth
  3695 | D:3      | Reached XP level 6. HP: 16/41 MP: 0/12
  3960 | D:4      | Found a shimmering altar of Xom.
  3984 | D:4      | Reached XP level 7. HP: 46/46 MP: 4/13
  4022 | D:4      | Found a staircase to the Ecumenical Temple.
  4298 | Temple   | Entered the Ecumenical Temple
  4561 | D:5      | Entered Level 5 of the Dungeon
  5047 | D:5      | Reached skill level 5 in Spellcasting
  5400 | D:5      | Reached skill level 5 in Conjurations
  5414 | D:5      | Reached XP level 8. HP: 39/54 MP: 2/15
  5726 | D:6      | Noticed Eustachio
  5728 | D:6      | Reached skill level 1 in Fire Magic
  5728 | D:6      | Reached skill level 1 in Air Magic
  5831 | D:5      | Killed Eustachio
  5831 | D:5      | Reached skill level 1 in Poison Magic
  6289 | D:6      | Found an iron altar of Okawaru.
  6784 | D:7      | Found a flagged portal.
  6888 | Bailey   | Entered a bailey
  7043 | Bailey   | Reached XP level 9. HP: 27/58 MP: 5/16
  7049 | Bailey   | Shot with a bolt by an orc

Levels and vault maps discovered:
D:1:      sevenhm_arrival_forest_fort_small_6, layout_basic,
          kennysheep_decorative_pillar, minmay_misc_feat_x
D:2:      layout_basic
D:3:      layout_loops_corners, elyvilon_altar_5, marbit_many_paths,
          uniq_terence
D:4:      layout_rooms, overflow_temple_1_default, minmay_temple_entry_glass
D:5:      layout_gridville, first_ration, saegor_snake_ambush
D:6:      layout_loops_cross, okawaru_gym_becter, serial_bayou_crossing,
          uniq_eustachio
D:7:      layout_basic, grunt_temple_overflow_open, enter_bailey_2,
          serial_corexii_hall, chequers_hall_statues_y, corexii_hall_statues_l,
          corexii_hall_statues_deadend, chequers_hall_statues_wall_a, the_bakery
Temple:   dpeg_chambers_temple
Bailey:   bailey_polearm_2, bailey

Skill      XL: |  1  2  3  4  5  6  7  8 |
---------------+-------------------------+-----
Stealth        | 3 4 5 |  5.0
Fighting       | 1 2 3 4 |  4.2
Conjurations   | 2 3 5 |  5.2
Spellcasting   | 4 5 |  5.2
Fire Magic     | 3 |  3.2
Air Magic      | 3 |  3.3
Summonings     | 2 |  2.1
Translocations | 3 |  3.1
Poison Magic   | 1 |  1.2
Dodging        | |  2.3

Action                   |  1- 3 |  4- 6 |  7- 9 || total
-------------------------+-------+-------+-------++-------
Melee: Short sword       |    37 |    72 |    77 ||   186
       Dagger            |     6 |       |       ||     6
       Constrict         |    11 |    17 |    23 ||    51
       Tentacles         |     7 |     8 |    10 ||    25
Throw: Stone             |       |     8 |    16 ||    24
 Cast: Magic Dart        |    55 |    71 |   104 ||   230
       Mephitic Cloud    |       |     5 |    13 ||    18
       Conjure Flame     |       |     2 |     5 ||     7
       Blink             |       |     1 |     1 ||     2
       Call Imp          |       |     1 |       ||     1
  Use: Scroll            |       |     9 |     6 ||    15
       Potion            |       |     2 |     1 ||     3
 Stab: Sleeping          |     1 |     2 |     3 ||     6
       Confused          |       |     2 |     3 ||     5
  Eat: Ration            |     1 |       |       ||     1
       Chunk             |       |     7 |    10 ||    17
Armor: Skin              |     4 |     6 |     4 ||    14
Dodge: Dodged            |    33 |    72 |    49 ||   154

Table legend:
 A = Non-vault XP
 B = Vault XP
 C = Vault XP percentage of total XP
 D = Non-vault monster count
 E = Vault monster count
 F = Vault count percentage of total count
                 A         B        C        D         E       F
            +---------+---------+-------+---------+---------+-------
      Total |    1846 |     533 |  22.4 |     114 |      10 |   8.1
            +---------+---------+-------+---------+---------+-------
        D:1 |      42 |       0 |   0.0 |      21 |       0 |   0.0
        D:2 |      48 |       0 |   0.0 |      14 |       0 |   0.0
        D:3 |     244 |      41 |  14.4 |      27 |       2 |   6.9
        D:4 |     328 |       0 |   0.0 |      16 |       0 |   0.0
        D:5 |     649 |     209 |  24.4 |      22 |       2 |   8.3
        D:6 |     366 |       0 |   0.0 |      12 |       0 |   0.0
        D:7 |     169 |       0 |   0.0 |       2 |       0 |   0.0
     Bailey |       0 |     283 | 100.0 |       0 |       6 | 100.0
            +---------+---------+-------+---------+---------+-------
